 Dungeon Crawl Stone Soup version 0.29.1-1-gd02db69 (webtiles) character file.

Game seed: 2631465175970544916

410 Bazzalis the Ruffian (level 6, 0/53 HPs)
             Began as a Ghoul Monk on Mar 2, 2023.
             Slain by a gnoll bouda
             ... wielding a +0 club
              (2 damage)
             ... on level 4 of the Dungeon.
             The game lasted 00:09:01 (3982 turns).

Bazzalis the Ruffian (Ghoul Monk)                   Turns: 3982, Time: 00:09:01

Health: 0/53       AC:  6    Str: 17    XL:     6   Next: 89%
Magic:  5/5        EV: 12    Int:  5    God:
Gold:   236        SH:  0    Dex: 11    Spells: 5/5 levels left

rFire   + . .      SeeInvis .     - Unarmed
rCold   + . .      Faith    .   (no shield)
rNeg    + + +      Spirit   .   r - +2 leather armour {rF+}
rPois   ∞          Reflect  .   (no helmet)
rElec   .          Harm     .   (no cloak)
rCorr   .          Rampage  .   (no gloves)
Will    .....                   s - +0 pair of boots
Stlth   ++........              (no amulet)
HPRegen 0.00/turn               (no ring)
MPRegen 0.09/turn               (no ring)

@: inhibited regen
A: claws 1, cold resistance 1, negative energy resistance 3, inhibited
regeneration, torment resistance 2, devour on kill
a: no special abilities


You were on level 4 of the Dungeon.
You visited 1 branch of the dungeon, and saw 4 of its levels.

You collected 236 gold pieces.

Inventory:

Missiles
 j - 11 poisoned darts (quivered)
 p - 7 boomerangs
Armour
 a - a +0 chain mail
 r - a +2 leather armour of fire resistance (worn)
 s - a +0 pair of boots (worn)
Jewellery
 h - a ring of ice
Wands
 u - a wand of digging (5)
Scrolls
 f - 4 scrolls of identify {unknown}
 i - 2 scrolls of enchant armour {unknown}
 k - a scroll of vulnerability {unknown}
 o - 2 scrolls of fog {unknown}
 w - a scroll of torment {unknown}
Potions
 b - a potion of ambrosia
 c - 3 potions of attraction {unknown}
 d - 2 potions of heal wounds {unknown}
 e - 4 potions of degeneration {unknown}
 g - a potion of might {unknown}
 l - a potion of haste {unknown}
 m - 2 potions of cancellation {unknown}
 n - 5 potions of curing {unknown}
 q - a potion of brilliance {unknown}
 t - a potion of resistance {unknown}
 v - a potion of lignification {unknown}


   Skills:
 + Level 4.6 Fighting
 + Level 2.3 Armour
 - Level 2.6 Dodging
 - Level 2.1 Stealth
 + Level 6.8 Unarmed Combat


You had 5 spell levels left.
You didn't know any spells.
Your spell library contained the following spells:

 Spells                   Type           Power      Damage    Failure   Level
 Blink                    Tloc           0%         N/A       67%         2
 Manifold Assault         Tloc           0%         N/A       100%        5
 Storm Form               Tmut/Air       Unusable   N/A       N/A         7

Dungeon Overview and Level Annotations

Branches:
Dungeon (4/15)
 Temple: D:4-7

Altars:
Fedhas
Trog

Shops:
D:1 (


Innate Abilities, Weirdness & Mutations

You are immune to poison.
You have sharp fingernails.
Your flesh is cold resistant. (rC+)
You are immune to negative energy. (rN+++)
You do not regenerate when monsters are visible.
You are immune to unholy pain and torment.
You thrive by killing the living.


Message History

You feel your attacks grow feeble. The gnoll bouda closely misses you.
The gnoll hits you from afar with a +0 halberd!
Things that are here:
a +0 spear; a gnoll corpse You closely miss the gnoll bouda.
The gnoll bouda hits you with a +0 club!
The gnoll closely misses you.
You scratch the gnoll bouda.
The gnoll bouda is lightly wounded.
A gnoll comes into view. It is wielding a +0 whip.
The gnoll bouda gazes fiercely through you!
You feel as though you will be weak longer.
The gnoll bouda misses you. The gnoll barely misses you.
The gnoll shouts!
You scratch the gnoll bouda.
The gnoll bouda is moderately wounded.
The gnoll bouda hits you with a +0 club!
The gnoll completely misses you.
You scratch the gnoll bouda but do no damage.
The gnoll bouda is moderately wounded.
The gnoll bouda barely misses you.
The gnoll hits you from afar with a +0 halberd!
* * * LOW HITPOINT WARNING * * *
A gnoll comes into view. It is wielding a +0 halberd.
You scratch the gnoll bouda.
The gnoll bouda is severely wounded.
The gnoll bouda barely misses you. The gnoll hits you but does no damage.
You scratch the gnoll bouda but do no damage.
The gnoll bouda is heavily wounded.
The gnoll bouda hits you with a +0 club!
* * * LOW HITPOINT WARNING * * *
You scratch the gnoll bouda.
The gnoll bouda is severely wounded.
The gnoll misses you.
You completely miss the gnoll bouda.
The gnoll bouda is severely wounded.
Your attacks no longer feel as feeble.
The gnoll bouda hits you with a +0 club.
You die...

##.#.##.# ##.###.#
### #.# #.#
#.#######.
#.........
#..######.
#.########.<######
#gggg@.............
###################


You could see a gnoll bouda and 3 gnolls.

Vanquished Creatures
  Menkaure (D:4)
  2 jellies (D:4)
  2 orc priests
  An orc wizard (D:4)
  A gnoll (D:4)
  4 adders
  A white imp (D:4)
  2 worms
  3 dart slugs
  10 orcs
  5 endoplasms
  A giant cockroach (D:3)
  3 goblins
  8 hobgoblins
  3 jackals (D:1)
  14 kobolds
  9 ball pythons
  4 bats
  A frilled lizard (D:2)
  7 rats
82 creatures vanquished.

Notes
Turn   | Place    | Note
-------+----------+-------------------------------------------
     0 | D:1      | Bazzalis the Ghoul Monk began the quest for the Orb.
     0 | D:1      | Reached XP level 1. HP: 19/19 MP: 0/0
   367 | D:1      | Reached XP level 2. HP: 26/26 MP: 1/1
   436 | D:1      | Reached skill level 4 in Unarmed Combat
   521 | D:1      | Found Hacki's Weapon Shop.
   595 | D:1      | Found a faded altar of an unknown god.
   635 | D:1      | Reached XP level 3. HP: 30/31 MP: 2/2
  1028 | D:2      | Reached skill level 5 in Unarmed Combat
  1162 | D:2      | Reached XP level 4. HP: 36/38 MP: 3/3
  2010 | D:3      | Reached skill level 6 in Unarmed Combat
  2014 | D:3      | Reached XP level 5. HP: 15/45 MP: 4/4
  2323 | D:3      | Found a blossoming altar of Fedhas.
  2323 | D:3      | Found a bloodstained altar of Trog.
  2946 | D:4      | Noticed Menkaure
  2962 | D:4      | Killed Menkaure
  2963 | D:4      | Reached skill level 1 in Armour
  2963 | D:4      | Reached XP level 6. HP: 24/52 MP: 5/5
  3980 | D:4      | HP: 2/53 [gnoll bouda/+0 club (8)]
  3982 | D:4      | Slain by a gnoll bouda

Illustrated notes

Levels and vault maps discovered:
D:1:      matt_arrival_grand_opening, layout_basic, serial_shops,
          nicolae_lakefront_shop, chequers_ecumenical_altar_simple_redux
D:2:      layout_basic, minmay_circle_x
D:3:      layout_basic, gammafunk_temple_overflow_wave
D:4:      layout_loops_ring, slow_altar_2, minmay_pentomino_pile, uniq_menkaure

Skill      XL: |  1  2  3  4  5  6 |
---------------+-------------------+-----
Unarmed Combat | 4 5 6 |  6.8
Fighting       | 4 |  4.6
Armour         | 1 2 |  2.3
Dodging        | |  2.6
Stealth        | |  2.1

Action                   |  1- 3 |  4- 6 || total
-------------------------+-------+-------++-------
Melee: Unarmed           |    77 |   174 ||   251
       Punch             |       |     7 ||     7
 Stab: Sleeping          |     7 |     5 ||    12
Armor: Robe              |    15 |       ||    15
       Ring mail         |       |     9 ||     9
       Leather armour    |       |    30 ||    30
Dodge: Dodged            |    34 |    90 ||   124
